[ AOE2 MATCH · #504664724 ]
UnrankedBohemians vs Khitans
Player's team · LOSS
Rival team · WIN
[ REPLAY ANALYSIS · EXTRACTED FROM THE RECORDED GAME ]
Feudal
10:45
Castle
16:44
Imperial
—
| APM avg | 30.1 |
| APM peak | 66 |
| eAPM avg | 13.9 |
| Villagers / military | 78 / 89 |
Focus
⚔️ 37.2% · 🌾 62.8%
Hussite Wagon ×65 · Spearman ×19 · Monk ×5
Feudal
8:59
Castle
25:01
Imperial
47:27
| APM avg | 31.7 |
| APM peak | 128 |
| eAPM avg | 19.6 |
| Villagers / military | 113 / 83 |
Focus
⚔️ 30.1% · 🌾 69.9%
Scout Cavalry ×46 · Steppe Lancer ×27 · Iron Pagoda ×5 · Spearman ×4 · Camel Scout ×1
Match map
Initial resources + every placement click. Lines = walls · curves = elevation contours. ◆ gold · ⬟ stone · ● berries · ✦ relic · ◌ wall gap
Your base· ✓ Closed at 16:44 · 59t walls · 1 gate(s)
[ESTG] The Surrendor's base· ✓ Closed at 25:01 · 78t walls · no gate
Smoothed initial terrain · ◌ = detected wall gap · hover for details
Inputs per minute
— VENI.VIDI.VICI. - - [ESTG] The Surrendor
Build order — VENI.VIDI.VICI.
First 150 of 226 actions detected
| 0:01 | Queue | Villager (Male) |
| 0:01 | Queue | Villager (Male) |
| 0:01 | Queue | Villager (Male) |
| 0:02 | Build | House |
| 0:04 | Build | House |
| 0:50 | Queue | Villager (Male) |
| 0:50 | Queue | Villager (Male) |
| 0:50 | Queue | Villager (Male) |
| 0:50 | Queue | Villager (Male) |
| 0:50 | Queue | Villager (Male) |
| 1:38 | Queue | Villager (Male) |
| 1:38 | Queue | Villager (Male) |
| 1:38 | Queue | Villager (Male) |
| 1:38 | Queue | Villager (Male) |
| 1:38 | Queue | Villager (Male) |
| 2:11 | Queue | Villager (Male) |
| 2:11 | Queue | Villager (Male) |
| 2:11 | Queue | Villager (Male) |
| 2:11 | Queue | Villager (Male) |
| 2:18 | Build | Lumber Camp |
| 2:23 | Queue | Villager (Male) |
| 2:23 | Queue | Villager (Male) |
| 2:23 | Queue | Villager (Male) |
| 2:23 | Queue | Villager (Male) |
| 3:05 | Queue | Villager (Male) |
| 3:16 | Build | House |
| 3:17 | Build | House |
| 3:29 | Queue | Villager (Male) |
| 3:29 | Queue | Villager (Male) |
| 3:29 | Queue | Villager (Male) |
| 4:00 | Queue | Villager (Male) |
| 4:00 | Queue | Villager (Male) |
| 4:00 | Queue | Villager (Male) |
| 4:00 | Queue | Villager (Male) |
| 4:52 | Build | Palisade Wall |
| 5:09 | Build | Palisade Wall |
| 5:23 | Queue | Villager (Male) |
| 5:23 | Queue | Villager (Male) |
| 5:23 | Queue | Villager (Male) |
| 6:16 | Queue | Villager (Male) |
| 6:17 | Queue | Villager (Male) |
| 6:17 | Queue | Villager (Male) |
| 6:20 | Build | Mill |
| 7:14 | Build | Palisade Wall |
| 7:25 | Build | Palisade Wall |
| 7:34 | Queue | Villager (Male) |
| 7:34 | Queue | Villager (Male) |
| 7:45 | Queue | Villager (Male) |
| 7:45 | Queue | Villager (Male) |
| 7:53 | Research | Loom |
| 8:31 | Build | Palisade Wall |
| 8:35 | Research | Feudal Age |
| 9:24 | Build | Barracks |
| 9:44 | Build | Palisade Wall |
| 9:49 | Build | Palisade Wall |
| 9:56 | Queue | Villager (Male) |
| 9:56 | Queue | Villager (Male) |
| 10:22 | Build | Palisade Wall |
| 10:45 | Age | Feudal Age |
| 10:45 | Build | Mining Camp |
| 11:07 | Build | Blacksmith |
| 11:11 | Build | Market |
| 11:25 | Build | Palisade Wall |
| 11:33 | Queue | Villager (Male) |
| 11:33 | Queue | Villager (Male) |
| 11:58 | Build | House |
| 12:25 | Queue | Spearman |
| 12:25 | Queue | Spearman |
| 12:41 | Build | Palisade Wall |
| 12:49 | Queue | Villager (Male) |
| 13:00 | Build | Palisade Gate |
| 14:04 | Research | Castle Age |
| 14:14 | Build | Mining Camp |
| 15:48 | Build | House |
| 16:20 | Build | Palisade Wall |
| 16:44 | Age | Castle Age |
| 17:31 | Build | Castle |
| 17:48 | Build | Lumber Camp |
| 18:06 | Build | Palisade Wall |
| 18:14 | Build | Stone Wall |
| 18:18 | Build | Stone Wall |
| 18:50 | Build | Stone Wall |
| 18:52 | Build | Stone Wall |
| 18:57 | Queue | Villager (Male) |
| 18:57 | Queue | Villager (Male) |
| 18:57 | Queue | Villager (Male) |
| 18:57 | Queue | Villager (Male) |
| 19:54 | Build | Lumber Camp |
| 20:28 | Build | Lumber Camp |
| 20:46 | Queue | Hussite Wagon |
| 20:46 | Queue | Hussite Wagon |
| 20:46 | Queue | Hussite Wagon |
| 20:46 | Queue | Hussite Wagon |
| 20:46 | Queue | Hussite Wagon |
| 21:00 | Build | Palisade Wall |
| 21:07 | Build | Palisade Wall |
| 21:18 | Queue | Hussite Wagon |
| 21:18 | Queue | Hussite Wagon |
| 21:18 | Queue | Hussite Wagon |
| 21:35 | Build | Farm |
| 21:35 | Build | Farm |
| 21:35 | Build | Farm |
| 21:36 | Build | Farm |
| 21:36 | Build | Farm |
| 22:18 | Queue | Hussite Wagon |
| 22:18 | Queue | Hussite Wagon |
| 22:18 | Queue | Hussite Wagon |
| 23:19 | Queue | Villager (Male) |
| 23:19 | Queue | Villager (Male) |
| 23:19 | Queue | Villager (Male) |
| 23:19 | Queue | Villager (Male) |
| 23:22 | Build | Farm |
| 23:22 | Build | Farm |
| 23:22 | Build | Farm |
| 23:22 | Build | Farm |
| 24:10 | Queue | Hussite Wagon |
| 24:10 | Queue | Hussite Wagon |
| 24:10 | Queue | Hussite Wagon |
| 24:10 | Queue | Hussite Wagon |
| 25:08 | Queue | Villager (Male) |
| 25:08 | Queue | Villager (Male) |
| 25:08 | Queue | Villager (Male) |
| 25:08 | Queue | Villager (Male) |
| 25:36 | Queue | Spearman |
| 25:36 | Queue | Spearman |
| 25:36 | Queue | Spearman |
| 26:01 | Queue | Hussite Wagon |
| 26:01 | Queue | Hussite Wagon |
| 26:01 | Queue | Hussite Wagon |
| 26:40 | Queue | Spearman |
| 26:40 | Queue | Spearman |
| 27:34 | Queue | Hussite Wagon |
| 27:34 | Queue | Hussite Wagon |
| 27:34 | Queue | Hussite Wagon |
| 27:34 | Queue | Hussite Wagon |
| 27:34 | Queue | Hussite Wagon |
| 27:34 | Queue | Hussite Wagon |
| 27:36 | Queue | Spearman |
| 27:36 | Queue | Spearman |
| 27:37 | Queue | Spearman |
| 27:37 | Queue | Spearman |
| 28:13 | Queue | Hussite Wagon |
| 28:13 | Queue | Hussite Wagon |
| 28:27 | Queue | Villager (Male) |
| 28:28 | Queue | Villager (Male) |
| 28:28 | Queue | Villager (Male) |
| 28:28 | Queue | Villager (Male) |
| 29:07 | Build | Monastery |
| 29:19 | Build | Castle |
| 30:39 | Queue | Hussite Wagon |
Build order — [ESTG] The Surrendor
First 150 of 316 actions detected
| 0:00 | Queue | Villager (Male) ×4 |
| 0:02 | Build | House |
| 0:03 | Build | House |
| 1:32 | Queue | Villager (Male) |
| 1:55 | Queue | Villager (Male) |
| 2:21 | Queue | Villager (Male) |
| 2:24 | Build | Lumber Camp |
| 2:38 | Queue | Villager (Male) |
| 2:54 | Build | House |
| 3:16 | Queue | Villager (Male) |
| 3:25 | Build | House |
| 3:44 | Queue | Villager (Male) |
| 4:15 | Queue | Villager (Male) |
| 4:15 | Queue | Villager (Male) |
| 4:15 | Queue | Villager (Male) |
| 4:43 | Build | Mill |
| 4:55 | Queue | Villager (Male) |
| 4:55 | Queue | Villager (Male) |
| 5:01 | Queue | Villager (Male) |
| 5:01 | Research | Loom |
| 6:49 | Research | Feudal Age |
| 6:55 | Build | Mining Camp |
| 7:15 | Queue | Villager (Male) |
| 7:18 | Build | House |
| 8:04 | Build | House |
| 8:59 | Age | Feudal Age |
| 9:08 | Build | Barracks |
| 9:11 | Queue | Villager (Male) |
| 9:41 | Build | Watch Tower |
| 9:46 | Build | Palisade Wall |
| 9:48 | Build | Palisade Wall |
| 9:51 | Build | Palisade Wall |
| 9:51 | Queue | Villager (Male) |
| 10:18 | Queue | Villager (Male) |
| 10:19 | Research | Double-Bit Axe |
| 10:21 | Queue | Villager (Male) |
| 10:32 | Build | House |
| 10:58 | Queue | Spearman |
| 11:00 | Queue | Villager (Male) |
| 11:21 | Build | Stable |
| 11:25 | Queue | Spearman |
| 11:27 | Queue | Villager (Male) |
| 11:54 | Queue | Scout Cavalry |
| 11:54 | Queue | Scout Cavalry |
| 11:59 | Queue | Villager (Male) |
| 12:05 | Build | Palisade Wall |
| 12:06 | Build | Palisade Wall |
| 12:23 | Build | House |
| 12:28 | Build | Pasture |
| 12:37 | Queue | Spearman |
| 12:43 | Queue | Villager (Male) |
| 12:51 | Build | Watch Tower |
| 13:21 | Queue | Scout Cavalry |
| 13:46 | Queue | Villager (Male) |
| 13:50 | Build | Pasture |
| 13:51 | Build | Pasture |
| 14:05 | Build | Watch Tower |
| 14:15 | Queue | Villager (Male) |
| 14:18 | Build | Pasture |
| 14:26 | Build | House |
| 14:54 | Build | Watch Tower |
| 15:00 | Queue | Villager (Male) |
| 15:06 | Build | House |
| 15:21 | Research | Arson |
| 15:34 | Queue | Villager (Male) |
| 15:38 | Build | Blacksmith |
| 15:49 | Queue | Scout Cavalry |
| 15:52 | Queue | Spearman |
| 15:53 | Queue | Villager (Male) |
| 15:57 | Build | Palisade Wall |
| 16:44 | Build | Watch Tower |
| 17:08 | Queue | Villager (Male) |
| 17:11 | Research | Tech 1014 |
| 17:15 | Build | Market |
| 17:22 | Queue | Scout Cavalry |
| 17:25 | Queue | Villager (Male) |
| 17:33 | Research | Forging |
| 17:41 | Build | Mining Camp |
| 18:04 | Queue | Villager (Male) |
| 18:18 | Queue | Scout Cavalry |
| 18:33 | Queue | Villager (Male) |
| 18:42 | Build | Pasture |
| 18:45 | Build | Pasture |
| 18:47 | Queue | Villager (Male) |
| 19:28 | Queue | Villager (Male) |
| 19:34 | Build | Stone Wall |
| 19:35 | Build | Stone Wall |
| 19:39 | Build | Stone Wall |
| 19:47 | Build | Stone Wall |
| 19:49 | Build | Stone Wall |
| 19:52 | Build | Stone Wall |
| 19:56 | Queue | Villager (Male) |
| 20:02 | Build | Stone Wall |
| 20:16 | Build | Watch Tower |
| 20:26 | Build | Watch Tower |
| 20:27 | Queue | Villager (Male) |
| 20:28 | Research | Fletching |
| 20:34 | Queue | Villager (Male) |
| 20:57 | Build | Lumber Camp |
| 21:01 | Queue | Villager (Male) |
| 21:07 | Build | House |
| 21:08 | Build | House |
| 21:34 | Build | House |
| 21:39 | Build | Stone Wall |
| 22:04 | Build | Watch Tower |
| 22:19 | Research | Castle Age |
| 22:22 | Build | Pasture |
| 22:26 | Build | Pasture |
| 22:50 | Queue | Scout Cavalry |
| 23:04 | Build | Palisade Wall |
| 23:05 | Build | Palisade Wall |
| 23:05 | Build | Palisade Wall |
| 23:22 | Queue | Scout Cavalry |
| 23:53 | Research | Scale Barding Armor |
| 24:16 | Queue | Scout Cavalry |
| 24:51 | Build | Stable |
| 24:55 | Queue | Scout Cavalry |
| 25:01 | Age | Castle Age |
| 25:05 | Research | Iron Casting |
| 25:14 | Build | Siege Workshop |
| 25:19 | Queue | Villager (Male) |
| 25:24 | Build | Lumber Camp |
| 25:28 | Research | Light Cavalry (upgrade) |
| 25:35 | Build | House |
| 25:39 | Queue | Villager (Male) |
| 25:56 | Queue | Steppe Lancer |
| 26:03 | Build | Outpost |
| 26:04 | Build | Outpost |
| 26:06 | Research | Town Watch |
| 26:14 | Queue | Villager (Male) |
| 26:25 | Queue | Iron Pagoda |
| 26:27 | Queue | Villager (Male) |
| 26:45 | Build | Gate |
| 26:59 | Build | House |
| 27:02 | Build | Outpost |
| 27:11 | Queue | Steppe Lancer |
| 27:18 | Queue | Iron Pagoda |
| 27:26 | Queue | Villager (Male) |
| 27:27 | Queue | Villager (Male) |
| 27:50 | Queue | Steppe Lancer |
| 27:52 | Queue | Steppe Lancer |
| 28:06 | Build | House |
| 28:15 | Queue | Villager (Male) |
| 28:18 | Build | Town Center |
| 28:31 | Queue | Steppe Lancer |
| 28:32 | Queue | Steppe Lancer |
| 28:49 | Queue | Iron Pagoda |
| 28:50 | Queue | Villager (Male) |
| 28:52 | Queue | Villager (Male) |
| 29:18 | Queue | Steppe Lancer |
Match timeline
| 4:52 | VENI.VIDI.VICI. · wall_segment Palisade Wall x12 |
| 5:09 | VENI.VIDI.VICI. · wall_segment Palisade Wall x11 |
| 7:14 | VENI.VIDI.VICI. · wall_segment Palisade Wall x3 |
| 7:25 | VENI.VIDI.VICI. · wall_segment Palisade Wall x11 |
| 8:31 | VENI.VIDI.VICI. · wall_segment Palisade Wall x7 |
| 8:59 | [ESTG] The Surrendor · age_up feudal |
| 9:08 | [ESTG] The Surrendor · first_building Barracks |
| 9:24 | VENI.VIDI.VICI. · first_building Barracks |
| 9:44 | VENI.VIDI.VICI. · wall_segment Palisade Wall x1 |
| 9:46 | [ESTG] The Surrendor · wall_segment Palisade Wall x1 |
| 9:48 | [ESTG] The Surrendor · wall_segment Palisade Wall x1 |
| 9:49 | VENI.VIDI.VICI. · wall_segment Palisade Wall x5 |
| 9:51 | [ESTG] The Surrendor · wall_segment Palisade Wall x1 |
| 10:22 | VENI.VIDI.VICI. · wall_segment Palisade Wall x8 |
| 10:45 | VENI.VIDI.VICI. · age_up feudal |
| 11:21 | [ESTG] The Surrendor · first_building Stable |
| 11:25 | VENI.VIDI.VICI. · wall_segment Palisade Wall x1 |
| 12:05 | [ESTG] The Surrendor · wall_segment Palisade Wall x12 |
| 12:06 | [ESTG] The Surrendor · wall_segment Palisade Wall x3 |
| 12:41 | VENI.VIDI.VICI. · wall_segment Palisade Wall x1 |
| 13:09 | VENI.VIDI.VICI. · first_market_sell 100 wood |
| 13:13 | VENI.VIDI.VICI. · first_market_buy 100 food |
| 15:57 | [ESTG] The Surrendor · wall_segment Palisade Wall x11 |
| 16:20 | VENI.VIDI.VICI. · wall_segment Palisade Wall x1 |
| 16:44 | VENI.VIDI.VICI. · age_up castle |
| 17:31 | VENI.VIDI.VICI. · first_building Castle |
| 18:06 | VENI.VIDI.VICI. · wall_segment Palisade Wall x6 |
| 18:14 | VENI.VIDI.VICI. · wall_segment Stone Wall x6 |
| 18:18 | VENI.VIDI.VICI. · wall_segment Stone Wall x3 |
| 18:50 | VENI.VIDI.VICI. · wall_segment Stone Wall x1 |
| 18:52 | VENI.VIDI.VICI. · wall_segment Stone Wall x1 |
| 19:34 | [ESTG] The Surrendor · wall_segment Stone Wall x1 |
| 19:35 | [ESTG] The Surrendor · wall_segment Stone Wall x6 |
| 19:39 | [ESTG] The Surrendor · wall_segment Stone Wall x14 |
| 19:47 | [ESTG] The Surrendor · wall_segment Stone Wall x8 |
| 19:49 | [ESTG] The Surrendor · wall_segment Stone Wall x6 |
| 19:52 | [ESTG] The Surrendor · wall_segment Stone Wall x2 |
| 19:58 | [ESTG] The Surrendor · first_market_buy 100 food |
| 20:02 | [ESTG] The Surrendor · wall_segment Stone Wall x11 |
| 20:30 | [ESTG] The Surrendor · first_market_sell 100 wood |
| 21:00 | VENI.VIDI.VICI. · wall_segment Palisade Wall x2 |
| 21:07 | VENI.VIDI.VICI. · wall_segment Palisade Wall x2 |
| 21:39 | [ESTG] The Surrendor · wall_segment Stone Wall x1 |
| 23:04 | [ESTG] The Surrendor · wall_segment Palisade Wall x1 |
| 23:05 | [ESTG] The Surrendor · wall_segment Palisade Wall x1 |
| 23:05 | [ESTG] The Surrendor · wall_segment Palisade Wall x1 |
| 25:01 | [ESTG] The Surrendor · age_up castle |
| 25:14 | [ESTG] The Surrendor · first_building Siege Workshop |
| 29:07 | VENI.VIDI.VICI. · first_building Monastery |
| 29:39 | [ESTG] The Surrendor · first_building Castle |
| 31:01 | [ESTG] The Surrendor · wall_segment Palisade Wall x1 |
| 32:12 | VENI.VIDI.VICI. · wall_segment Palisade Wall x1 |
| 33:57 | VENI.VIDI.VICI. · wall_segment Palisade Wall x4 |
| 34:35 | VENI.VIDI.VICI. · wall_segment Palisade Wall x1 |
| 37:43 | VENI.VIDI.VICI. · wall_segment Palisade Wall x4 |
| 42:13 | VENI.VIDI.VICI. · wall_segment Palisade Wall x6 |
| 45:06 | VENI.VIDI.VICI. · wall_segment Palisade Wall x1 |
| 47:27 | [ESTG] The Surrendor · age_up imperial |
| 48:30 | VENI.VIDI.VICI. · resign |
[ AI ANALYSIS · 1 CREDIT ]
What really happened in this match?
Wolo.gg analyzes every decision: build order, eco, micro, common mistakes by bracket. Personalized analysis on WhatsApp or Discord in 30 seconds.
Civ guide
Bohemians
Perfil
VENI.VIDI.VICI.